cohdb
Replays
Latest Replays
All Replays
Popular Replays
Top Player Replays
Match Explorer
How It Works
Community
CoH3 Stats
Reddit
Sign in to upload your games and track your stats! →
Sign in with Steam
Match 41529039
Unlisted
Match 41529039
Overview
Messages
Build Orders
End
Royal Engineer Section
Construct Section Command Post
Infantry Section
Infantry Section
Construct Platoon Command Post
Humber Armored Car
Vickers Machine Gun Team
Construct Field Infirmary
6-pounder Anti-tank Gun Team
Selects Canadian Shock Battlegroup
Selects Incendiary Munitions
Selects Attacking Spirit
Selects Canadian Shock Section
Canadian Shock Section
Grenade Package
McGriggles
literofcola
Tamplar_kaz
Phan
kamacura
SoldMyDad
0
0
Comments
sign in to comment!
No comments posted yet!